 Dungeon Crawl Stone Soup version 0.20.0-7-g3b7b877 (webtiles) character file.

182 tizzy the Chopper (level 5, -8/38 HPs)
             Began as a Demonspawn Gladiator on May 28, 2017.
             Killed from afar by a white imp (13 damage)
             ... with a puff of frost
             ... summoned by Natasha
             ... on level 2 of the Dungeon.
             The game lasted 00:04:13 (2853 turns).

tizzy the Chopper (Demonspawn Gladiator)            Turns: 2853, Time: 00:04:14

Health: -8/38      AC:  5    Str: 15    XL:     5   Next: 35%
Magic:  5/5        EV: 12    Int: 10    God:
Gold:   81         SH:  0    Dex: 14    Spells: 4/4 levels left

rFire    + . .     SeeInvis .   a - +0 war axe
rCold    . . .     Gourm    .   (no shield)
rNeg     . . .     Faith    .   b - +0 leather armour
rPois    .         Spirit   .   c - +0 helmet
rElec    .         Reflect  .   v - +0 cloak
rCorr    .         Harm     .   (no gloves)
MR       .....                  (boots unavailable)
Stlth    +.........             i - amulet of magic regeneration
Regen    0.2/turn               j - ring of protection from fire
MPRegen  0.2/turn               (no ring)

@: slowed, very slow
A: talons 3
a: no special abilities


You were on level 2 of the Dungeon.
You were not hungry.

You visited 1 branch of the dungeon, and saw 3 of its levels.

You collected 81 gold pieces.

Inventory:

Hand Weapons
 a - a +0 war axe (weapon)
Missiles
 d - 2 throwing nets (quivered)
Armour
 b - a +0 leather armour (worn)
 c - a +0 helmet (worn)
 v - a +0 cloak (worn)
Jewellery
 i - an amulet of magic regeneration (around neck)
 j - a ring of protection from fire (left hand)
 w - an uncursed ring of poison resistance {unknown}
Scrolls
 e - 5 scrolls of identify {unknown}
 k - a scroll of immolation {unknown}
 m - 2 scrolls of recharging {unknown}
 o - a scroll of teleportation {unknown}
 p - a scroll of fear {unknown}
 q - a scroll of random uselessness {unknown}
 t - a scroll of enchant armour {unknown}
Potions
 g - a potion of lignification {unknown}
 h - 3 potions of curing {unknown}
 n - a potion of haste
 s - a potion of resistance {unknown}
 u - a potion of mutation {unknown}
Comestibles
 f - 2 bread rations
 l - 2 meat rations
 r - a royal jelly


   Skills:
 - Level 2.0 Fighting
 * Level 5.5 Axes
 - Level 1.7 Throwing
 - Level 2.6 Dodging


You had 4 spell levels left.
You didn't know any spells.

Dungeon Overview and Level Annotations

Branches:
Dungeon (3/15)

Altars:
Vehumet

Annotations:
D:2 Natasha


Innate Abilities, Weirdness & Mutations

You have claws for feet.


Message History

The white imp gestures at you. The puff of frost hits you!
* * * LOW HITPOINT WARNING * * *
Natasha claws you.
* * * LOW HITPOINT WARNING * * *
The white imp hits you but does no damage.
You closely miss Natasha.
Natasha is severely wounded.
You closely miss the white imp. You barely miss the crimson imp.
Natasha claws you but does no damage. The crimson imp closely misses you.
Natasha barely misses you. The white imp closely misses you.
The crimson imp hits you but does no damage.
Natasha barely misses you. The white imp barely misses you.
You barely miss Natasha.
Natasha is severely wounded.
You barely miss the crimson imp. You hit the white imp but do no damage.
Natasha closely misses you.
The crimson imp blinks!
The white imp gestures at you. The puff of frost hits you!
You die...

#####.#.#..#.#<##...#.# ### ##
......#.....)..######.#
.########.).#### #.# .# #<..#
#.###### ## #).)# #......## #
#...#### #.......##### #
######...##.### #.#..........
####.............####.#.#..#.....
....)..........h@5...............
...#.........5.ยง.#####..####.....
...####.#...#..### #...........
...# #.#...#.## #.########## #..#
#.#...#.# #.# ##.# ##.#...#.# #.#
#### #..# #....>.#.# #.# #... .###
#........########.# ####
######...#####.......#.#


You could see Natasha, a crimson imp and a white imp.

Vanquished Creatures
  Crazy Yiuf (D:2)
  Jessica (D:2)
  Natasha (D:2)
  3 gnolls (D:2)
  2 adders
  A worm (D:2)
  A dart slug (D:1)
  4 goblins (D:2)
  11 hobgoblins
  3 jackals (D:1)
  7 bats
  6 frilled lizards
  7 kobolds
  8 rats
56 creatures vanquished.

Notes
Turn   | Place    | Note
-------+----------+-------------------------------------------
     0 | D:1      | tizzy the Demonspawn Gladiator began the quest for the Orb.
     0 | D:1      | Reached XP level 1. HP: 16/16 MP: 1/1
    73 | D:1      | Reached skill level 3 in Axes
    83 | D:1      | Gained mutation: You have sharp toenails. [demonic ancestry]
    83 | D:1      | Reached XP level 2. HP: 11/22 MP: 2/2
  1343 | D:2      | Gained mutation: You have razor-sharp toenails. [demonic ancestry]
  1343 | D:2      | Reached XP level 3. HP: 14/27 MP: 3/3
  1549 | D:2      | Noticed Natasha
  1555 | D:2      | Killed Natasha
  1555 | D:2      | Reached skill level 4 in Axes
  1731 | D:2      | Found a runed door.
  1800 | D:2      | Gained mutation: You have claws for feet. [demonic ancestry]
  1800 | D:2      | Reached XP level 4. HP: 33/33 MP: 4/4
  1819 | D:2      | Noticed Jessica
  2082 | D:3      | Found a radiant altar of Vehumet.
  2141 | D:2      | Reached skill level 5 in Axes
  2687 | D:2      | Killed Jessica
  2687 | D:2      | Reached XP level 5. HP: 34/38 MP: 5/5
  2763 | D:2      | Noticed Crazy Yiuf
  2774 | D:2      | Killed Crazy Yiuf
  2843 | D:2      | Noticed Natasha
  2853 | D:2      | Killed from afar by a white imp

Skill      XL: |  1  2  3  4 |
---------------+-------------+-----
Axes           | 3 4 5 |  5.5
Fighting       | |  2.0
Throwing       | |  1.7
Dodging        | |  2.6

Action                   |  1- 3 |  4- 6 || total
-------------------------+-------+-------++-------
Melee: War axe           |   105 |    59 ||   164
       Kick              |    16 |    14 ||    30
Throw: Throwing net      |       |     2 ||     2
 Stab: Sleeping          |       |     1 ||     1
       Held in net/web   |       |     1 ||     1
  Eat: Chunk             |     3 |     3 ||     6
Armor: Leather armour    |    38 |    13 ||    51
Dodge: Dodged            |    76 |    61 ||   137
